 Dungeon Crawl Stone Soup version 0.28.0-43-g3370ac3207 (webtiles) character file.

Game seed: 7924651331924195031

40 ZappyNine the Magician (level 3, -1/28 HPs)
             Began as a Djinni Necromancer on Mar 20, 2022.
             Slain by a hobgoblin (4 damage)
             ... on level 2 of the Dungeon.
             The game lasted 00:03:11 (2517 turns).

ZappyNine the Magician (Djinni Necromancer)         Turns: 2517, Time: 00:03:12

Health: -1/28      AC:  2    Str:  7    XL:     3   Next: 72%
Gold:   36         EV: 12    Int: 18    God:
                   SH:  0    Dex: 13

rFire   + + .      SeeInvis .   b - +0 club
rCold   x . .      Faith    .   (no shield)
rNeg    . . .      Spirit   .   a - +0 robe
rPois   ∞          Reflect  .   (no helmet)
rElec   .          Harm     .   (no cloak)
rCorr   .          Rampage  .   (no gloves)
Will    .....                   (boots unavailable)
Stlth   ++........              (no amulet)
HPRegen 0.09/turn               (no ring)
MPRegen 0.00/turn               (no ring)

@: flying
A: sickness immunity, fire resistance 2, cold vulnerability 1, float, innate
caster, HP casting, extra vitality 1
a: no special abilities


You were on level 2 of the Dungeon.
You visited 1 branch of the dungeon, and saw 2 of its levels.

You collected 36 gold pieces.

Inventory:

Hand Weapons
 b - a +0 club (weapon)
Armour
 a - a +0 robe (worn)
Jewellery
 f - an amulet of reflection
Scrolls
 c - a scroll of identify {unknown}
 d - a scroll of teleportation {unknown}
 e - a scroll of amnesia {unknown}


   Skills:
 + Level 2.0 Fighting
 - Level 2.1 Dodging
 - Level 1.5 Stealth
 + Level 3.7 Spellcasting


You couldn't memorise any spells.
You knew the following spells:

 Your Spells              Type           Power      Damage    Failure   Level
a - Pain                  Necr           64%        1d7       3%          1
b - Animate Skeleton      Necr           32%        N/A       3%          1
c - Vampiric Draining     Necr           16%        2d7       10%         3
d - Animate Dead          Necr           8%         N/A       32%         4
e - Agony                 Necr           16%        N/A       65%         5
f - Slow                  Hex            64%        N/A       3%          1
Your spell library was empty.

Dungeon Overview and Level Annotations

Branches:
Dungeon (2/15)

Altars:


Innate Abilities, Weirdness & Mutations

You are immune to sickness and miasma.
You are immune to poison.
Your flesh is very heat resistant. (rF++)
You are vulnerable to cold. (rC-)
You float through the air rather than walking.
You learn spells naturally, not from books.
Your magical power is your life essence.
You have superior vitality. (+4 MHP)


Message History

The spell is quite dangerous to miscast (10% risk of failure)!
Continue anyway?
Aiming: Vampiric Draining (quite dangerous; 10% risk of failure)
Press: ? - help, Shift-Dir - straight line, f - hobgoblin
Aim: a hobgoblin You draw life force from the hobgoblin.
You kill the hobgoblin!
You feel life coursing into your body.
* * * LOW HITPOINT WARNING * * *
Your Fighting skill increases to level 2!
Unknown command.
Unknown command.
You aren't carrying any potions.
You barely miss the hobgoblin. Your punch misses the hobgoblin.
The hobgoblin hits you.
* * * LOW HITPOINT WARNING * * *
You hit the hobgoblin. Your punch misses the hobgoblin.
The hobgoblin is heavily wounded.
The hobgoblin completely misses you. The hobgoblin barely misses you.
Your magical contamination has completely faded away.
Unknown command.
Unknown command.
Casting: Vampiric Draining (quite dangerous; 10% risk of failure)
Confirm with . or Enter, or press ? or * to list all spells.
The spell is quite dangerous to miscast (10% risk of failure)!
Continue anyway?
Aiming: Vampiric Draining (quite dangerous; 10% risk of failure)
Press: ? - help, Shift-Dir - straight line, f - hobgoblin
Aim: a hobgoblin (heavily wounded)
You draw life force from the hobgoblin.
You kill the hobgoblin!
You feel life coursing into your body.
* * * LOW HITPOINT WARNING * * *
Unknown command.
Unknown command.
Casting: Vampiric Draining (quite dangerous; 10% risk of failure)
Confirm with . or Enter, or press ? or * to list all spells.
You don't have enough health to cast this spell.
A hobgoblin is nearby!
Unknown command.
You closely miss the hobgoblin. The hobgoblin hits you.
You die...

..........##
#.#
...........#
#<#
...........#
###
...........#
........#..#
...g....+..#
........##.#
..########g# .
#@#
####'##+####
#............
#[...........#
#............#
#
#............#
###
#(...........#
#..
#............#
#..
#...)........#
#..


You could see a hobgoblin.

Vanquished Creatures
  2 ball pythons (D:1)
  5 bats
  An endoplasm (D:2)
  3 giant cockroaches (D:1)
  3 goblins
  2 hobgoblins (D:2)
  7 jackals
  3 quokkas (D:1)
  2 frilled lizards (D:1)
  A kobold (D:1)
  4 rats
33 creatures vanquished.

Notes
Turn   | Place    | Note
-------+----------+-------------------------------------------
     0 | D:1      | ZappyNine the Djinni Necromancer began the quest for the
                  | Orb.
     0 | D:1      | Reached XP level 1. HP: 15/15 MP: 0/0
   330 | D:1      | Reached XP level 2. HP: 18/22 MP: 0/0
   463 | D:1      | Reached skill level 1 in Fighting
   988 | D:1      | Found a faded altar of an unknown god.
  1480 | D:1      | Reached XP level 3. HP: 23/27 MP: 0/0
  1480 | D:1      | Learned a level 1 spell: Slow
  2517 | D:2      | Slain by a hobgoblin

Illustrated notes

Levels and vault maps discovered:
D:1:      wander_arrival_chamber, layout_basic,
          shapermc_ecumenical_altar_pompeii, hangedman_decor_lopped,
          minmay_pentomino_z2
D:2:      layout_basic, uniq_natasha, uniq_jessica, uniq_robin

Skill      XL: |  1  2  3 |
---------------+----------+-----
Fighting       | 1 2 |  2.0
Dodging        | |  2.1
Stealth        | |  1.5
Spellcasting   | |  3.7

Action                   || total
-------------------------++-------
Melee: Club              ||    66
       Unarmed           ||     1
       Punch             ||     1
 Cast: Pain              ||    42
       Vampiric Draining ||     7
 Stab: Sleeping          ||     1
Armor: Robe              ||    33
Dodge: Dodged            ||    87
